Map: Orbital Shipyard

Players

KlepToManiaK

  • Race: Protoss Protoss
  • League: Platinum

LilDicky - Winner!

  • Race: Terran Terran
  • League: Diamond

VOD

http://www.twitch.tv/tumescentpie

Description

Time

  • Played on: Dec. 6, 2015, 6:33 p.m.
  • Length: 5:20
Show
View Real Time Build Order
Export as new Build Order

KlepToManiaK Protoss 

Build Orders: Phoenix Opening 

Get SALT Encoding   

  12  0:01  Probe (Chrono Boost)  
  13  0:12  Probe (Chrono Boost)  
  14  0:20  Pylon  
  14  0:23  Probe (Chrono Boost)  
  15  0:38  Probe (Chrono Boost)  
  15  0:39  Gateway  
  16  0:48  Probe (Chrono Boost)  
  17  0:52  Assimilator  
  17  0:54  Assimilator  
  17  0:59  Probe (Chrono Boost)  
  18  1:06  Gateway  
  18  1:10  Probe (Chrono Boost)  
  19  1:20  Probe (Chrono Boost)  
  19  1:24  Pylon  
  20  1:33  Cybernetics Core  
  20  1:35  Probe (Chrono Boost)  
  21  1:49  Probe (Chrono Boost)  
  22  1:56  Pylon  
  22  1:59  Probe (Chrono Boost)  
  23  2:09  Stalker x2  
  23  2:10  Warp Gate (Chrono Boost)  
  27  2:20  Probe  
  28  2:23  Pylon  
  28  2:39  Stalker x2  
  32  2:53  Stargate  
  32  3:09  Stalker x2  
  32  3:10  Pylon  
  36  3:14  Probe  
  37  3:26  Probe  
  32  3:36  Phoenix  
  32  3:40  Probe  
  35  3:43  Robotics Facility  
  33  4:21  Phoenix  
  25  5:08  Zealot x2  
Show
View Real Time Build Order
Export as new Build Order

LilDicky Terran - Winner!

Build Orders: MMM Bio 

Get SALT Encoding   

  12  0:02  SCV  
  13  0:14  SCV  
  14  0:23  Supply Depot  
  14  0:26  SCV  
  15  0:39  Refinery  
  15  0:45  SCV  
  15  0:48  Barracks  
  16  0:57  SCV  
  17  1:09  SCV  
  18  1:21  SCV  
  19  1:35  Marine  
  19  1:38  Supply Depot  
  19  1:39  Orbital Command  
  20  1:45  Factory  
  20  1:53  Marine  
  21  2:03  Barracks  
  21  2:06  Barracks  
  21  2:07  SCV  
  22  2:13  Refinery  
  22  2:17  Barracks Reactor  
  22  2:19  SCV  
  23  2:32  SCV  
  24  2:44  SCV  
  25  2:53  Barracks Tech Lab x2  
  25  2:54  Marine x2  
  25  2:55  Widow Mine  
  28  3:01  SCV, Supply Depot  
  29  3:12  Stimpack, Marine x2  
  30  3:15  Combat Shields  
  31  3:23  SCV, Marine x2  
  31  3:25  Widow Mine  
  36  3:39  SCV  
  37  3:42  Supply Depot  
  37  3:45  Marauder x2  
  41  3:51  SCV  
  42  3:57  Marine x2  
  44  4:10  Marauder x2  
  44  4:14  Marine  
  44  4:15  Marine  
  52  4:29  Supply Depot  
  52  4:31  Marine  
  52  4:32  Marauder  
  52  4:34  Marine x2  
  57  4:52  Marine  
  57  4:53  Marauder x2, Marine  
  57  4:55  SCV  
  57  4:56  Supply Depot  
Tags
 
Add a new tag
Caveats
  • Supply blocks, unpowered buildings, or Contaminate may cause inaccurate times.
  • Supply counts are checked every 10 seconds.